 Dungeon Crawl Stone Soup version 0.29-a0-961-gfab03dca74 (webtiles) character file.

Game seed: 3561522159009082523

644 Elmgren the Cudgeller (level 7, 0/62 HPs)
             Began as a Minotaur Berserker on July 30, 2022.
             Was a Priest of Trog.
             Slain by an orc wizard
             ... wielding a +0 dagger
              (1 damage)
             ... on level 4 of the Dungeon.
             The game lasted 00:12:43 (7631 turns).

Elmgren the Cudgeller (Minotaur Berserker)          Turns: 7631, Time: 00:12:44

Health: 0/62       AC:  9    Str: 24    XL:     7   Next: 27%
Magic:  6/6        EV: 10    Int:  4    God:    Trog [***...]
Gold:   356        SH:  0    Dex:  9    Spells: 6/6 levels left

rFire   . . .      SeeInvis .   s - +0 morningstar
rCold   . . .      Faith    .   (no shield)
rNeg    . . .      Spirit   .   j - +0 scale mail
rPois   .          Reflect  .   (helmet restricted)
rElec   .          Harm     .   (no cloak)
rCorr   .          Rampage  .   p - +0 pair of gloves
Will    .....                   h - +0 pair of boots
Stlth   ..........              (no amulet)
HPRegen 0.20/turn               q - ring of flight
MPRegen 0.10/turn               (no ring)

@: flying
A: horns 2, retaliatory headbutt
a: Renounce Religion, Berserk, Trog's Hand


You were on level 4 of the Dungeon.
You worshipped Trog.
Trog was most pleased with you.
You visited 2 branches of the dungeon, and saw 6 of its levels.

You collected 356 gold pieces.

Inventory:

Hand Weapons
 a - a +0 mace
 d - a +1 vampiric war axe
 r - a +0 sling
 s - a +0 morningstar (weapon)
Missiles
 b - 40 stones (quivered)
Armour
 h - a +0 pair of boots (worn)
 j - a +0 scale mail (worn)
 p - a +0 pair of gloves (worn)
Jewellery
 i - a ring of ice
 l - a ring of ice
 q - a ring of flight (left hand)
Wands
 k - a wand of mindburst (26)
 o - a wand of iceblast (8)
Scrolls
 c - 6 scrolls of teleportation
 t - a scroll of identify
Potions
 e - a potion of invisibility
 f - 3 potions of brilliance
 g - a potion of resistance {unknown}
 m - a potion of might {unknown}
 n - a potion of ambrosia {unknown}
 u - a potion of magic {unknown}
 v - a potion of flight {unknown}


   Skills:
 + Level 5.9 Fighting
 + Level 7.6 Maces & Flails
 + Level 5.2 Armour
 - Level 2.1 Dodging


You had 6 spell levels left.
You didn't know any spells.
Your spell library was empty.

Dungeon Overview and Level Annotations

Branches:
Dungeon (5/15) Zot: 22345  Temple (1/1) D:4 Zot: 5962

Altars:
Ashenzari
Cheibriados
Dithmenos
Hepliaklqana
Kikubaaqudgha
Nemelex Xobeh
Okawaru
Qazlal
Ru
Sif Muna
Trog
Uskayaw
Vehumet
Wu Jian
Xom
Yredelemnul
Zin

Shops:
D:2 :?

Annotations:
Temple 2 transporters


Innate Abilities, Weirdness & Mutations

You have a pair of horns on your head.
You reflexively headbutt those who attack you in melee.


Message History

You bump into the rock wall.
Something hits you but does no damage. The orc closely misses you.
The ice beast hits you. The ice beast freezes you!
You are too confused!
You barely miss the orc.
The orc is almost dead.
Something hits you. The orc hits you but does no damage.
The ice beast hits you but does no damage.
The ice beast barely misses you. The orc barely misses you.
You hear some strange, mumbled words.
A magic dart appears from out of thin air!
The magic dart hits you!
You completely miss the orc.
The orc is severely wounded.
You feel less confused. The orc hits you but does no damage.
The ice beast hits you. The ice beast freezes you!
* * * LOW HITPOINT WARNING * * *
Something hits you.
* * * LOW HITPOINT WARNING * * *
You hit the orc but do no damage. Your headbutt misses the orc.
The orc is severely wounded.
The orc hits you but does no damage. The ice beast closely misses you.
You furiously retaliate!
You headbutt the ice beast. Something hits you but does no damage.
You closely miss the orc.
The orc is severely wounded.
The orc hits you but does no damage. The ice beast hits you.
* * * LOW HITPOINT WARNING * * *
The ice beast freezes you.
* * * LOW HITPOINT WARNING * * *
You hear some strange, mumbled words.
A magic dart appears from out of thin air!
The magic dart hits you.
* * * LOW HITPOINT WARNING * * *
You barely miss the orc.
The orc is severely wounded.
The orc closely misses you.
The ice beast hits you but does no damage.
Something hits you.
You die...

# ##..# #.#.## ##.......
####...##########....####........
')).............).......'.......(
####...###..#.###.....###........
# #.........#.# #.....# ##.......
#.##....#.#.# #..#..# ##.....#
#.##....#...# #.....# ##...##
#.##..###.#.####....# ##'###
#.##......#..o@{...## #....
#.##.##.###.#Y####.# #..##
#.........[.#...##.# ####..##
####.####.###.#.##.# #....... ##
#.# #.....#....#####......#
.#####.# ###.###..#.......#...##
.......# #.....###########..##
######## ####### ##... ####


You could see an ice beast and an orc.

Vanquished Creatures
  A phantom (D:4)
  A bullfrog (D:4)
  A scorpion (D:4)
  A jelly (D:5)
  A gnoll bouda (D:4)
  Terence (D:3)
  Natasha (twice) (D:4)
  3 iguanas
  2 orc wizards (D:4)
  3 gnolls
  5 adders
  A shadow imp (D:5)
  A worm (D:2)
  2 dart slugs
  4 orcs
  4 ball pythons
  10 endoplasms
  2 giant cockroaches (D:2)
  10 goblins
  15 hobgoblins
  3 jackals (D:3)
  5 kobolds
  3 quokkas
  5 bats
  2 frilled lizards (D:2)
  4 rats
92 creatures vanquished.

Notes
Turn   | Place    | Note
-------+----------+-------------------------------------------
     0 | D:1      | Elmgren the Minotaur Berserker began the quest for the Orb.
     0 | D:1      | Reached XP level 1. HP: 19/19 MP: 0/0
    95 | D:1      | Reached skill level 4 in Maces & Flails
   347 | D:1      | Reached XP level 2. HP: 19/26 MP: 1/1
   930 | D:1      | Found a faded altar of an unknown god.
  1793 | D:2      | Reached skill level 5 in Maces & Flails
  1831 | D:2      | Reached XP level 3. HP: 14/31 MP: 2/2
  2315 | D:2      | Found a sacrificial altar of Ru.
  2340 | D:2      | Reached ** piety under Trog
  2419 | D:2      | Found Yfokkuv's Vocational Training.
  2446 | D:2      | Found Mos Rohu's Magic Scroll Emporium.
  2495 | D:2      | Reached XP level 4. HP: 39/39 MP: 3/3
  2974 | D:3      | Reached skill level 6 in Maces & Flails
  3310 | D:3      | Noticed Terence
  3329 | D:3      | Killed Terence
  3464 | D:3      | Found a broken altar of Ashenzari.
  4270 | D:4      | Reached XP level 5. HP: 33/46 MP: 4/4
  4360 | D:4      | Found a staircase to the Ecumenical Temple.
  5021 | Temple   | Entered the Ecumenical Temple
  5021 | Temple   | Found a transporter.
  5021 | Temple   | Found a transporter.
  5023 | Temple   | Found a transporter.
  5023 | Temple   | Found a transporter.
  5185 | D:4      | Noticed a phantom
  5195 | D:4      | Reached XP level 6. HP: 55/55 MP: 5/5
  5200 | D:4      | Reached skill level 5 in Fighting
  5200 | D:4      | Reached skill level 7 in Maces & Flails
  5361 | D:4      | Noticed Natasha
  5369 | D:4      | Killed Natasha
  5439 | D:4      | Noticed Natasha
  5462 | D:4      | Killed Natasha
  7190 | D:5      | Entered Level 5 of the Dungeon
  7197 | D:5      | Reached XP level 7. HP: 61/61 MP: 6/6
  7261 | D:4      | Reached skill level 5 in Armour
  7539 | D:5      | Reached *** piety under Trog
  7630 | D:4      | HP: 3/62 [ice beast (5)]
  7630 | D:4      | HP: 1/62 [something/magic dart (2)]
  7631 | D:4      | Slain by an orc wizard

Illustrated notes

Levels and vault maps discovered:
D:1:      dpeg_arrival_rhombus, layout_loops_ring, basic_ecumenical_altar
D:2:      layout_basic, basic_altar, serial_shops, shop_coins,
          nicolae_shop_vocational
D:3:      cheibrodos_greedy_goblins, layout_loops_cross,
          nicolae_ashenzari_skybound, grunt_decor_cap, uniq_terence
D:4:      layout_loops_corners, minmay_temple_entry_sparse_star,
          minmay_liquid_box, hangedman_decor_slide_cut,
          hangedman_abyss_or_decor_stabs, uniq_natasha
D:5:      nicolae_cairo_tiling_large_dashed, layout_cave_pools,
          solitary_fountain, kennysheep_windowed_goal
Temple:   hellmonk_temple_divided_pantheon

Skill      XL: |  1  2  3  4  5  6  7 |
---------------+----------------------+-----
Maces & Flails | 4 5 6 7 |  7.6
Fighting       | 4 5 |  5.9
Armour         | 3 4 5 |  5.2
Dodging        | |  2.1

Action                   |  1- 3 |  4- 6 |  7- 9 || total
-------------------------+-------+-------+-------++-------
Melee: Mace              |    81 |   137 |     4 ||   222
       Headbutt          |     7 |    16 |     5 ||    28
       Morningstar       |       |       |    30 ||    30
Throw: Stone             |       |     4 |       ||     4
Invok: Berserk           |       |     3 |       ||     3
  Use: Scroll            |     3 |     6 |       ||     9
       Potion            |     1 |       |       ||     1
 Stab: Invisible         |     1 |       |       ||     1
Armor: Animal skin       |    11 |       |       ||    11
       Scale mail        |    27 |    57 |    31 ||   115
       Leather armour    |     3 |       |       ||     3
Dodge: Dodged            |    52 |    53 |    26 ||   131

Table legend: (Time is in decaauts)
 A = Elapsed time spent in this place.
 B = Non-inter-level travel time spent in this place.
 C = Inter-level travel time spent in this place.
 D = Time resting spent in this place.
 E = Time spent auto-exploring this place.
 F = Levels seen in this place.
 G = Mean time per level.
                   A        B        C        D        E       F      G
               +--------+--------+--------+--------+--------+-----+--------+
         Total |   7690 |   7522 |    168 |   3103 |   3419 |   6 | 1281.7 |
       Dungeon |   7653 |   7485 |    168 |   3103 |   3413 |   5 | 1530.6 |
        Temple |     37 |     37 |      0 |      0 |      6 |   1 |   37.0 |
               +--------+--------+--------+--------+--------+-----+--------+

Top non-repeatable levels by time:
     D:4: 2905 daAuts
     D:1: 1683 daAuts
     D:3: 1551 daAuts
     D:2: 1282 daAuts
     D:5: 231 daAuts
  Temple: 37 daAuts
